 Dungeon Crawl Stone Soup version 0.31-a0-1104-g3bd3108e02 (webtiles) character file.

Game seed: 6116553877437342732

233 tilp the Sneak (level 5, -1/39 HPs)
             Began as a Vampire Enchanter on Dec 2, 2023.
             Slain by a river rat (8 damage)
             ... in a sewer.
             The game lasted 00:08:03 (3721 turns).

tilp the Sneak (Vampire Enchanter)                  Turns: 3721, Time: 00:08:04

Health: -1/39      AC:  2    Str:  7    XL:     5   Next: 75%
Magic:  1/8        EV: 13    Int: 19    God:
Gold:   192        SH:  0    Dex: 15    Spells: 4/9 levels left

rFire   . . .        a - +1 dagger
rCold   . . .        (no shield)
rNeg    . . .        b - +0 robe
rPois   .            (no helmet)
rElec   .            (no cloak)
rCorr   .            (no gloves)
SInv    +            (no boots)
Will    .....        (no amulet)
Stlth   +++          e - ring of flight
HPRegen 0.46/turn    (no ring)
MPRegen 0.11/turn

%: no passive effects
@: flying, healing quickly
A: alive, fangs 3, see invisible, vampiric 2
a: Exsanguinate


You were in a sewer.
You visited 1 branch of the dungeon, and saw 5 of its levels.
You also visited: Sewer.

You collected 192 gold pieces.

Inventory:

Hand Weapons
 a - a +1 dagger (weapon)
Missiles
 d - 25 stones (quivered)
Armour
 b - a +0 robe (worn)
 m - the +7 ring mail of the Fife {*Slow rN+ Int+3}
   (You found it on level 4 of the Dungeon)

   Int+3:     It affects your intelligence (+3).
   rN+:       It protects you from negative energy.
   *Slow:     It may slow you when you take damage.
Jewellery
 e - a ring of flight (left hand)
Wands
 n - a wand of flame (20)
Scrolls
 k - a scroll of blinking {unknown}
 o - a scroll of poison
 p - a scroll of silence {unknown}
 q - a scroll of enchant armour {unknown}
 r - a scroll of fear {unknown}
 s - a scroll of revelation
Potions
 c - 3 potions of invisibility
 f - a potion of curing {unknown}
 g - a potion of lignification {unknown}
 h - a potion of degeneration {unknown}
 i - a potion of attraction {unknown}
 j - a potion of magic {unknown}
 l - 2 potions of haste {unknown}
 t - 5 potions of enlightenment


   Skills:
 * Level 2.3 Fighting
 * Level 3.1 Short Blades
 + Level 3.1 Dodging
 + Level 5.5 Stealth
 + Level 2.5 Spellcasting
 + Level 5.3 Hexes


You had 4 spell levels left.
You knew the following spells:

 Your Spells              Type           Power      Damage    Failure   Level
a - Ensorcelled Hibernat  Hex/Ice        24%        N/A       9%          2
b - Confusing Touch       Hex            22%        N/A       5%          3

Your spell library contained the following spells:

 Spells                   Type           Power      Damage    Failure   Level
 Tukima's Dance           Hex            22%        N/A       5%          3
 Magic Dart               Conj           8%         1d3       16%         1
 Dazzling Flash           Conj/Hex       24%        N/A       16%         3
 Searing Ray              Conj           4%         2d4       24%         2
 Fulminant Prism          Conj/Hex       6%         3d7       47%         4


Dungeon Overview and Level Annotations

Branches:
Dungeon (5/15)              Sewer (1/1)
 Temple: D:4-7

Altars:
Gozag
Ru

Annotations:
D:4 2 transporters, exclusion: ice beast, Ge0ff's ghost, amateur DsSh


Innate Abilities, Weirdness & Mutations

Your natural rate of healing is accelerated.
You have razor-sharp teeth.
You have supernaturally acute eyesight. (SInv)
You are afflicted with vampirism and can become a bat while bloodless.


Message History

Aim: a river rat (chance to affect: 54%)
The river rat looks drowsy...
The river rat closely misses you. The river rat bites you.
Unknown command.
The helpless river rat fails to defend itself.
You impale the river rat!!
You kill the river rat!
The river rat bites you. The river rat bites you!
* * * LOW HITPOINT WARNING * * *
Casting: Ensorcelled Hibernation (safe; 9% risk of failure)
Confirm with . or Enter, or press ? or * to list all spells.
Aiming: Ensorcelled Hibernation (safe; 9% risk of failure)
Press: ? - help, Shift-Dir - straight line, f - river rat
Aim: a river rat (chance to affect: 54%)
The river rat looks drowsy...
The river rat bites you!
* * * LOW HITPOINT WARNING * * *
Unknown command.
The helpless river rat fails to defend itself.
You impale the river rat!!
You kill the river rat!
The river rat bites you but does no damage.
Casting: Ensorcelled Hibernation (safe; 9% risk of failure)
Confirm with . or Enter, or press ? or * to list all spells.
You don't have enough magic to cast this spell.
Unknown command.
Unknown command.
You hit the river rat but do no damage. You hit the river rat but do no damage.
Your bite misses the river rat. The river rat closely misses you.
You hit the river rat.
The river rat is moderately wounded.
The river rat bites you.
* * * LOW HITPOINT WARNING * * *
You hit the river rat but do no damage.
The river rat is moderately wounded.
The river rat barely misses you.
You hit the river rat.
The river rat is severely wounded.
The river rat bites you!
You die...

#≈≈≈≈≈≈≈≈≈≈≈≈≈~~≈≈≈≈≈≈~#
#≈≈~~~~~.~~~~~~~~~~~÷≈~#
#≈≈~###~≈~####~~####~≈~#
#≈≈~# #.≈~# #~~# #.≈~#
#≈≈~# #~≈~# #~~# #.≈~#
#≈≈~# #.≈~####..####~≈.#
#≈≈~# #~≈~##.#..#.##~≈~#
#≈≈.# #~≈~##.†r.'†##~≈~#
#≈≈~# #~≈.##.†@.'†##~≈.#
#≈≈.# #.≈.##.#..#†##~≈~#
#≈≈~# #~≈~## #..####~≈~#
#≈≈.# #~≈~# #..# #~≈~#
#≈≈~# #~≈~# #..# #~≈~#
#≈≈.# #.≈~# #..# #~≈~#
#≈≈~# #~≈.# +..+ #~≈.#
#≈≈~# #~≈~# +..+ #~≈~#
#≈≈~# #~≈~# #~≈~#


You could see a river rat.

Vanquished Creatures
  A gnoll (D:1)
  7 adders
  6 river rats (Sewer)
  2 worms (Sewer)
  A dart slug (D:2)
  2 orcs (D:4)
  14 ball pythons
  12 endoplasms
  7 giant cockroaches
  A hobgoblin (D:4)
  4 jackals
  7 kobolds
  4 quokkas
  10 bats
  7 frilled lizards
  5 goblins
  9 rats
99 creatures vanquished.

Notes
Turn   | Place    | Note
-------+----------+-------------------------------------------
     0 | D:1      | tilp the Vampire Enchanter began the quest for the Orb.
     0 | D:1      | Reached XP level 1. HP: 13/13 MP: 3/3
   167 | D:1      | Reached XP level 2. HP: 20/20 MP: 5/5
   226 | D:1      | Learned a level 2 spell: Ensorcelled Hibernation
   676 | D:1      | Reached skill level 1 in Fighting
   909 | D:1      | Gained mutation: You are afflicted with vampirism and can
                  | become a bat while bloodless. [Vampire growth]
   909 | D:1      | Reached XP level 3. HP: 13/26 MP: 0/6
   913 | D:1      | Learned a level 3 spell: Confusing Touch
  1648 | D:2      | You are sucked into a shaft and drop 2 floors!
  1692 | D:5      | Entered Level 5 of the Dungeon
  1797 | D:5      | Found a sacrificial altar of Ru.
  1797 | D:5      | Noticed a troll
  1797 | D:5      | Noticed a wraith
  1877 | D:4      | Found a transporter.
  1885 | D:4      | Noticed Ge0ff's ghost (amateur DsSh)
  1888 | D:4      | Found a transporter.
  1891 | D:4      | Noticed an orc warrior
  2009 | D:4      | Noticed an ice beast
  2091 | D:4      | Identified the +7 ring mail of the Fife {*Slow rN+ Int+3}
  2439 | D:4      | Reached XP level 4. HP: 16/32 MP: 1/7
  2636 | D:3      | Found an opulent altar of Gozag.
  2682 | D:3      | Found a glowing drain.
  2693 | D:3      | Reached skill level 5 in Stealth
  2699 | D:3      | Reached skill level 5 in Hexes
  2753 | Sewer    | Entered a sewer
  3015 | Sewer    | Reached XP level 5. HP: 16/38 MP: 3/8
  3721 | Sewer    | Slain by a river rat

Illustrated notes

Levels and vault maps discovered:
D:1:      elethiomel_arrival_maze, layout_loops_ring, st_stairs_9
D:2:      layout_loops_ring, minmay_misc_feat_five
D:3:      layout_basic, overflow_temple_1_default, gup_sewer_entry_bubbles,
          kennysheep_generic_room_8, uniq_ijyb, uniq_crazy_yiuf_cottage
D:4:      layout_basic, gammafunk_ghost_arena
D:5:      layout_cave_pools, nemelex_xobeh_ov_fountains_minmay,
          worldfamousw_hep_ancestral_shrine, nicolae_vehumet_altar_sigil,
          nicolae_qazlal_style_of_elements, mainiacjoe_overflow_alcove_4,
          gammafunk_temple_overflow_arena
Sewer:    sewer_fruit_machine

Skill      XL: |  1  2  3  4  5 |
---------------+----------------+-----
Fighting       | 1 2 |  2.3
Short Blades   | 2 3 |  3.1
Stealth        | 5 |  5.5
Hexes          | 5 |  5.3
Dodging        | 3 |  3.1
Spellcasting   | |  2.5

Action                     |  1- 3 |  4- 6 || total
---------------------------+-------+-------++-------
  Melee: Dagger            |   132 |   130 ||   262
         Bite              |    12 |    10 ||    22
         Punch             |     1 |     1 ||     2
   Cast: Ensorcelled Hiber |    18 |    21 ||    39
  Evoke: Wand              |       |     2 ||     2
    Use: Scroll            |     3 |     2 ||     5
   Stab: Sleeping          |    24 |    16 ||    40
 Armour: Robe              |    81 |    76 ||   157
  Dodge: Dodged            |    72 |   131 ||   203

Table legend: (Time is in decaauts)
 A = Elapsed time spent in this place.
 B = Non-inter-level travel time spent in this place.
 C = Inter-level travel time spent in this place.
 D = Time resting spent in this place.
 E = Time spent auto-exploring this place.
 F = Levels seen in this place.
 G = Mean time per level.
                   A        B        C        D        E       F      G
               +--------+--------+--------+--------+--------+-----+--------+
         Total |   3694 |   3637 |     57 |    836 |   1139 |   6 |  615.7 |
       Dungeon |   2738 |   2681 |     57 |    435 |   1045 |   5 |  547.6 |
         Sewer |    956 |    956 |      0 |    401 |     94 |   1 |  956.0 |
               +--------+--------+--------+--------+--------+-----+--------+

Top non-repeatable levels by time:
     D:1: 1022 daAuts
   Sewer: 956 daAuts
     D:4: 910 daAuts
     D:2: 619 daAuts
     D:3: 176 daAuts
     D:5: 9 daAuts
